[ PARTIDA AOE2 · #477733138 ]
UnrankedBorgoñones vs Aztecs
[ ANÁLISIS DE REPETICIÓN · EXTRAÍDO DE LA PARTIDA GRABADA ]
Feudal
14:11
Castillos
18:33
Imperial
—
| APM promedio | 58.7 |
| APM pico | 99 |
| eAPM promedio | 36.0 |
| Aldeanos / militares | 210 / 39 |
Foco
⚔️ 31.5% · 🌾 68.5%
Coustillier ×29 · Mangonel ×6 · Monk ×4
Feudal
11:44
Castillos
22:27
Imperial
—
| APM promedio | 42.9 |
| APM pico | 81 |
| eAPM promedio | 18.9 |
| Aldeanos / militares | 72 / 52 |
Foco
⚔️ 37.0% · 🌾 63.0%
Archer ×28 · Ghulam ×24
Feudal
11:45
Castillos
29:28
Imperial
—
| APM promedio | 67.0 |
| APM pico | 162 |
| eAPM promedio | 39.8 |
| Aldeanos / militares | 70 / 46 |
Foco
⚔️ 68.8% · 🌾 31.2%
Archer ×36 · Monk ×7 · Jaguar Warrior ×2 · Spearman ×1
Feudal
13:12
Castillos
16:42
Imperial
31:48
| APM promedio | 48.7 |
| APM pico | 104 |
| eAPM promedio | 21.2 |
| Aldeanos / militares | 114 / 57 |
Foco
⚔️ 27.6% · 🌾 72.4%
Eagle Scout ×33 · Plumed Archer ×24
Feudal
14:51
Castillos
17:31
Imperial
34:08
| APM promedio | 37.7 |
| APM pico | 68 |
| eAPM promedio | 16.3 |
| Aldeanos / militares | 104 / 22 |
Foco
⚔️ 26.9% · 🌾 73.1%
Scorpion ×12 · Monk ×9 · Battering Ram ×1
Feudal
11:39
Castillos
26:20
Imperial
—
| APM promedio | 44.3 |
| APM pico | 95 |
| eAPM promedio | 20.0 |
| Aldeanos / militares | 80 / 66 |
Foco
⚔️ 36.1% · 🌾 63.9%
Knight ×36 · Scout Cavalry ×15 · Skirmisher ×10 · Battering Ram ×4 · Spearman ×1
Feudal
11:01
Castillos
25:10
Imperial
—
| APM promedio | 53.2 |
| APM pico | 103 |
| eAPM promedio | 21.6 |
| Aldeanos / militares | 90 / 34 |
Foco
⚔️ 37.6% · 🌾 62.4%
Archer ×31 · Skirmisher ×3
Feudal
12:16
Castillos
21:47
Imperial
—
| APM promedio | 49.4 |
| APM pico | 78 |
| eAPM promedio | 25.0 |
| Aldeanos / militares | 141 / 60 |
Foco
⚔️ 24.3% · 🌾 75.7%
Knight ×47 · Scout Cavalry ×10 · Spearman ×2 · Scorpion ×1
Mapa de la partida
Recursos iniciales + cada clic de construcción. Líneas = muros · curvas = relieve. ◆ oro · ⬟ piedra · ● bayas · ✦ reliquia · ◌ hueco del cierre
Tu base· ✓ Cerrada en 18:33 · 121t muro · sin puerta
Base de Apo· ✓ Cerrada en 22:27 · 2t muro · sin puerta
Base de GdR_Nataniele05· Abierta — hueco de 4t
Base de Pipistola· Abierta — flanco sin cerrar
Base de Malelf· Abierta — flanco sin cerrar
Base de Zaccanasta Commissario· Abierta — hueco de 3t
Base de MLT | Anna Flank· Abierta — flanco sin cerrar
Base de ITA | Monesi28· Abierta — hueco de 8t
Terreno inicial suavizado · ◌ = hueco del cierre detectado · pasá el cursor para detalles
Inputs por minuto
— mordicchiotto - - Apo
Build order — mordicchiotto
Primeras 150 de 438 acciones detectadas
| 0:03 | Construir | Town Center |
| 2:19 | Construir | House |
| 2:21 | Crear | Villager (Male) |
| 2:22 | Crear | Villager (Male) |
| 2:22 | Crear | Villager (Male) |
| 2:22 | Crear | Villager (Male) |
| 2:25 | Construir | Lumber Camp |
| 3:16 | Crear | Villager (Male) |
| 3:59 | Crear | Villager (Male) |
| 4:00 | Crear | Villager (Male) |
| 4:06 | Construir | House |
| 4:25 | Crear | Villager (Male) |
| 4:47 | Crear | Villager (Male) |
| 4:55 | Investigar | Double-Bit Axe |
| 5:09 | Crear | Villager (Male) |
| 5:35 | Crear | Villager (Male) |
| 5:35 | Crear | Villager (Male) |
| 5:59 | Construir | Mill |
| 6:06 | Crear | Villager (Male) |
| 6:29 | Crear | Villager (Male) |
| 6:44 | Crear | Villager (Male) |
| 6:53 | Crear | Villager (Male) |
| 6:53 | Crear | Villager (Male) |
| 7:14 | Crear | Villager (Male) |
| 7:26 | Investigar | Loom |
| 7:28 | Construir | House |
| 7:33 | Crear | Villager (Male) |
| 7:33 | Crear | Villager (Male) |
| 7:34 | Crear | Villager (Male) |
| 7:39 | Crear | Villager (Male) |
| 7:39 | Crear | Villager (Male) |
| 7:53 | Construir | House |
| 8:01 | Crear | Villager (Male) |
| 8:12 | Crear | Villager (Male) |
| 8:16 | Crear | Villager (Male) |
| 8:16 | Crear | Villager (Male) |
| 8:24 | Crear | Villager (Male) |
| 8:26 | Crear | Villager (Male) |
| 8:27 | Crear | Villager (Male) |
| 8:27 | Crear | Villager (Male) |
| 8:43 | Construir | Palisade Wall |
| 8:46 | Crear | Villager (Male) |
| 8:46 | Crear | Villager (Male) |
| 8:49 | Construir | House |
| 8:50 | Construir | Palisade Wall |
| 8:53 | Crear | Villager (Male) |
| 9:05 | Construir | Palisade Wall |
| 9:06 | Construir | Palisade Wall |
| 9:08 | Construir | Palisade Wall |
| 9:16 | Construir | Lumber Camp |
| 9:17 | Crear | Villager (Male) |
| 9:17 | Crear | Villager (Male) |
| 9:23 | Construir | Palisade Wall |
| 9:26 | Construir | Palisade Wall |
| 9:36 | Construir | Palisade Wall |
| 9:42 | Construir | Palisade Wall |
| 9:48 | Construir | Palisade Wall |
| 9:48 | Construir | Palisade Wall |
| 9:49 | Construir | Palisade Wall |
| 9:59 | Construir | Palisade Wall |
| 10:18 | Construir | Palisade Wall |
| 10:20 | Construir | Palisade Wall |
| 10:21 | Construir | Palisade Wall |
| 10:38 | Construir | House |
| 10:46 | Construir | Palisade Wall |
| 11:08 | Construir | House |
| 11:09 | Construir | Palisade Wall |
| 11:15 | Construir | Palisade Wall |
| 11:25 | Construir | Palisade Wall |
| 11:34 | Crear | Villager (Male) |
| 11:35 | Investigar | Feudal Age |
| 11:50 | Construir | Palisade Wall |
| 11:55 | Construir | Mining Camp |
| 12:55 | Construir | Palisade Wall |
| 12:58 | Construir | Palisade Wall |
| 13:12 | Construir | Palisade Wall |
| 13:33 | Construir | House |
| 13:35 | Construir | Palisade Wall |
| 13:46 | Construir | Palisade Wall |
| 13:50 | Construir | Palisade Wall |
| 14:04 | Crear | Villager (Male) |
| 14:04 | Crear | Villager (Male) |
| 14:11 | Edad | Edad Feudal |
| 14:13 | Construir | Market |
| 14:14 | Crear | Villager (Male) |
| 14:15 | Construir | Blacksmith |
| 14:29 | Construir | House |
| 14:41 | Construir | House |
| 15:10 | Construir | House |
| 15:13 | Construir | Palisade Wall |
| 15:53 | Investigar | Castle Age |
| 16:04 | Construir | Mining Camp |
| 16:34 | Investigar | Bow Saw |
| 17:01 | Crear | Villager (Male) |
| 17:01 | Crear | Villager (Male) |
| 18:33 | Edad | Edad de los Castillos |
| 18:34 | Construir | Town Center |
| 18:36 | Crear | Villager (Male) |
| 18:57 | Construir | Town Center |
| 19:03 | Crear | Villager (Male) |
| 19:08 | Investigar | Wheelbarrow |
| 19:22 | Construir | Siege Workshop |
| 19:38 | Crear | Villager (Male) |
| 19:49 | Crear | Villager (Male) |
| 19:49 | Crear | Villager (Male) |
| 19:49 | Crear | Villager (Male) |
| 19:49 | Crear | Villager (Male) |
| 19:51 | Crear | Villager (Male) |
| 19:51 | Crear | Villager (Male) |
| 19:55 | Investigar | Gold Mining |
| 20:28 | Crear | Villager (Male) |
| 20:29 | Crear | Villager (Male) |
| 20:29 | Crear | Villager (Male) |
| 20:29 | Crear | Villager (Male) |
| 20:30 | Crear | Villager (Male) |
| 20:33 | Crear | Mangonel |
| 20:44 | Investigar | Town Watch |
| 20:44 | Investigar | Town Watch |
| 20:59 | Crear | Villager (Male) |
| 21:02 | Crear | Villager (Male) |
| 21:20 | Construir | Siege Workshop |
| 21:22 | Crear | Villager (Male) |
| 21:39 | Crear | Villager (Male) |
| 21:41 | Crear | Villager (Male) |
| 21:42 | Crear | Villager (Male) |
| 21:42 | Crear | Villager (Male) |
| 21:42 | Crear | Villager (Male) |
| 21:54 | Crear | Villager (Male) |
| 21:57 | Crear | Mangonel |
| 22:22 | Crear | Villager (Male) |
| 22:43 | Crear | Mangonel |
| 23:01 | Crear | Villager (Male) |
| 23:07 | Crear | Villager (Male) |
| 23:07 | Crear | Villager (Male) |
| 23:31 | Crear | Mangonel |
| 23:31 | Crear | Mangonel |
| 23:31 | Crear | Mangonel |
| 23:48 | Crear | Villager (Male) |
| 23:48 | Crear | Villager (Male) |
| 23:50 | Crear | Villager (Male) |
| 23:50 | Crear | Villager (Male) |
| 23:52 | Construir | House |
| 24:31 | Construir | Town Center |
| 24:47 | Crear | Villager (Male) |
| 24:47 | Crear | Villager (Male) |
| 24:47 | Crear | Villager (Male) |
| 24:47 | Crear | Villager (Male) |
| 24:48 | Crear | Villager (Male) |
| 24:48 | Crear | Villager (Male) |
| 25:26 | Crear | Villager (Male) |
Build order — Apo
Primeras 150 de 197 acciones detectadas
| 0:11 | Construir | Town Center |
| 1:12 | Construir | House |
| 2:24 | Crear | Villager (Male) |
| 2:24 | Crear | Villager (Male) |
| 2:25 | Crear | Villager (Male) |
| 2:25 | Crear | Villager (Male) |
| 3:15 | Crear | Villager (Male) |
| 3:25 | Crear | Villager (Male) |
| 4:14 | Construir | Lumber Camp |
| 4:49 | Crear | Villager (Male) |
| 4:50 | Crear | Villager (Male) |
| 4:55 | Construir | House |
| 5:11 | Crear | Villager (Male) |
| 5:27 | Investigar | Loom |
| 5:59 | Crear | Villager (Male) |
| 6:24 | Crear | Villager (Male) |
| 6:44 | Construir | Mill |
| 6:48 | Crear | Villager (Male) |
| 7:14 | Crear | Villager (Male) |
| 7:28 | Construir | House |
| 7:41 | Crear | Villager (Male) |
| 8:05 | Crear | Villager (Male) |
| 8:08 | Crear | Villager (Male) |
| 8:41 | Crear | Villager (Male) |
| 9:34 | Investigar | Feudal Age |
| 10:19 | Construir | Mining Camp |
| 10:38 | Crear | Villager (Male) |
| 10:48 | Construir | House |
| 11:28 | Construir | Barracks |
| 11:44 | Edad | Edad Feudal |
| 11:47 | Investigar | Double-Bit Axe |
| 12:12 | Crear | Villager (Male) |
| 12:13 | Crear | Villager (Male) |
| 12:43 | Construir | Archery Range |
| 12:46 | Crear | Villager (Male) |
| 13:02 | Construir | House |
| 13:03 | Construir | Palisade Wall |
| 13:04 | Construir | Palisade Wall |
| 13:06 | Crear | Villager (Male) |
| 13:25 | Crear | Archer |
| 13:33 | Construir | Blacksmith |
| 13:36 | Crear | Archer |
| 13:55 | Construir | House |
| 13:59 | Construir | House |
| 14:01 | Construir | House |
| 14:02 | Crear | Archer |
| 14:06 | Crear | Villager (Male) |
| 14:17 | Investigar | Fletching |
| 14:43 | Crear | Villager (Male) |
| 14:44 | Crear | Villager (Male) |
| 14:48 | Construir | House |
| 14:53 | Construir | House |
| 15:13 | Crear | Archer |
| 15:13 | Crear | Archer |
| 15:15 | Crear | Villager (Male) |
| 15:25 | Investigar | Padded Archer Armor |
| 15:28 | Crear | Villager (Male) |
| 15:31 | Construir | Farm |
| 15:31 | Construir | Farm |
| 15:32 | Construir | Farm |
| 15:33 | Construir | Farm |
| 15:37 | Crear | Archer |
| 15:38 | Crear | Archer |
| 16:00 | Crear | Archer |
| 16:22 | Crear | Villager (Male) |
| 16:24 | Crear | Archer |
| 16:32 | Construir | Farm |
| 16:34 | Construir | Farm |
| 16:49 | Crear | Archer |
| 16:52 | Crear | Villager (Male) |
| 16:58 | Crear | Villager (Male) |
| 17:01 | Construir | Archery Range |
| 17:18 | Crear | Archer |
| 17:22 | Construir | Farm |
| 17:27 | Crear | Villager (Male) |
| 17:40 | Crear | Archer |
| 17:45 | Construir | Farm |
| 17:56 | Crear | Archer |
| 17:57 | Crear | Archer |
| 17:59 | Crear | Villager (Male) |
| 18:18 | Crear | Archer |
| 18:20 | Crear | Villager (Male) |
| 18:24 | Construir | Farm |
| 18:29 | Construir | House |
| 18:33 | Crear | Archer |
| 18:50 | Crear | Archer |
| 18:53 | Crear | Villager (Male) |
| 19:22 | Crear | Archer |
| 19:22 | Crear | Archer |
| 19:47 | Investigar | Castle Age |
| 20:07 | Crear | Archer |
| 20:18 | Construir | Lumber Camp |
| 20:27 | Crear | Archer |
| 21:00 | Crear | Villager (Male) |
| 21:03 | Crear | Archer |
| 22:10 | Crear | Archer |
| 22:10 | Crear | Archer |
| 22:27 | Edad | Edad de los Castillos |
| 22:34 | Construir | Castle |
| 22:38 | Investigar | Crossbowman (upgrade) |
| 23:06 | Crear | Villager (Male) |
| 23:15 | Crear | Villager (Male) |
| 23:17 | Crear | Archer |
| 23:17 | Crear | Archer |
| 23:31 | Construir | Watch Tower |
| 23:44 | Crear | Villager (Male) |
| 23:49 | Crear | Archer |
| 23:49 | Crear | Archer |
| 23:54 | Construir | Castle |
| 24:45 | Crear | Villager (Male) |
| 24:45 | Crear | Villager (Male) |
| 25:28 | Crear | Villager (Male) |
| 25:36 | Construir | Watch Tower |
| 25:37 | Crear | Villager (Male) |
| 26:03 | Crear | Villager (Male) |
| 26:04 | Crear | Villager (Male) |
| 26:17 | Construir | Lumber Camp |
| 26:29 | Crear | Villager (Male) |
| 26:44 | Construir | Farm |
| 27:15 | Construir | Mill |
| 27:26 | Construir | Mining Camp |
| 27:29 | Crear | Ghulam |
| 27:29 | Crear | Ghulam |
| 27:36 | Construir | Farm |
| 27:42 | Crear | Ghulam |
| 28:00 | Crear | Villager (Male) |
| 28:14 | Crear | Villager (Male) |
| 28:19 | Crear | Ghulam |
| 28:25 | Construir | Farm |
| 28:52 | Crear | Ghulam |
| 29:13 | Crear | Villager (Male) |
| 29:17 | Construir | Farm |
| 29:36 | Crear | Villager (Male) |
| 29:43 | Construir | Farm |
| 29:45 | Construir | Farm |
| 29:51 | Construir | Town Center |
| 29:55 | Crear | Ghulam |
| 30:07 | Crear | Villager (Male) |
| 30:25 | Crear | Ghulam |
| 30:37 | Construir | Farm |
| 30:41 | Crear | Villager (Male) |
| 30:49 | Crear | Villager (Male) |
| 31:11 | Crear | Villager (Male) |
| 31:21 | Crear | Villager (Male) |
| 31:36 | Crear | Ghulam |
| 31:44 | Crear | Villager (Male) |
| 31:49 | Construir | Town Center |
| 31:54 | Crear | Villager (Male) |
| 32:07 | Crear | Ghulam |
| 32:14 | Crear | Villager (Male) |
Build order — GdR_Nataniele05
Primeras 150 de 206 acciones detectadas
| 0:13 | Construir | Town Center |
| 0:53 | Construir | House |
| 2:55 | Crear | Villager (Male) |
| 2:55 | Crear | Villager (Male) |
| 2:55 | Crear | Villager (Male) |
| 2:56 | Crear | Villager (Male) |
| 3:41 | Construir | House |
| 3:57 | Construir | House |
| 4:07 | Crear | Villager (Male) |
| 4:13 | Construir | Palisade Wall |
| 4:30 | Crear | Villager (Male) |
| 4:42 | Construir | House |
| 5:18 | Construir | Lumber Camp |
| 5:24 | Crear | Villager (Male) |
| 5:24 | Crear | Villager (Male) |
| 5:26 | Crear | Villager (Male) |
| 6:27 | Crear | Villager (Male) |
| 6:33 | Crear | Villager (Male) |
| 6:43 | Crear | Villager (Male) |
| 6:43 | Crear | Villager (Male) |
| 6:46 | Construir | House |
| 6:59 | Crear | Villager (Male) |
| 7:13 | Crear | Villager (Male) |
| 7:34 | Construir | Mining Camp |
| 7:48 | Crear | Villager (Male) |
| 7:56 | Crear | Villager (Male) |
| 8:01 | Crear | Villager (Male) |
| 8:01 | Crear | Villager (Male) |
| 8:01 | Crear | Villager (Male) |
| 8:20 | Investigar | Loom |
| 9:32 | Investigar | Feudal Age |
| 10:00 | Construir | House |
| 10:07 | Crear | Villager (Male) |
| 10:39 | Construir | Barracks |
| 11:40 | Investigar | Loom |
| 11:45 | Edad | Edad Feudal |
| 11:46 | Construir | Archery Range |
| 11:51 | Construir | Archery Range |
| 11:55 | Crear | Villager (Male) |
| 11:57 | Crear | Spearman |
| 12:12 | Construir | House |
| 12:14 | Construir | Palisade Wall |
| 12:15 | Construir | Palisade Wall |
| 12:24 | Crear | Villager (Male) |
| 12:37 | Crear | Archer |
| 12:41 | Crear | Villager (Male) |
| 12:45 | Crear | Archer |
| 12:45 | Crear | Archer |
| 12:48 | Construir | Palisade Wall |
| 12:50 | Construir | Palisade Wall |
| 12:53 | Crear | Villager (Male) |
| 12:57 | Construir | Palisade Wall |
| 12:58 | Crear | Archer |
| 12:59 | Crear | Villager (Male) |
| 13:07 | Construir | House |
| 13:08 | Crear | Archer |
| 13:25 | Crear | Villager (Male) |
| 13:32 | Construir | Blacksmith |
| 13:34 | Crear | Archer |
| 13:58 | Crear | Archer |
| 13:58 | Crear | Archer |
| 14:04 | Crear | Archer |
| 14:06 | Crear | Archer |
| 14:07 | Crear | Villager (Male) |
| 14:15 | Investigar | Fletching |
| 14:16 | Investigar | Fletching |
| 14:18 | Crear | Villager (Male) |
| 14:30 | Crear | Archer |
| 14:30 | Crear | Archer |
| 14:34 | Construir | Palisade Wall |
| 14:58 | Crear | Villager (Male) |
| 15:06 | Construir | House |
| 15:07 | Construir | House |
| 15:09 | Crear | Archer |
| 15:20 | Construir | House |
| 15:43 | Crear | Villager (Male) |
| 15:48 | Crear | Archer |
| 15:48 | Crear | Villager (Male) |
| 15:54 | Construir | Palisade Wall |
| 16:18 | Crear | Archer |
| 16:18 | Crear | Archer |
| 16:23 | Construir | Mill |
| 16:54 | Crear | Archer |
| 16:54 | Crear | Archer |
| 16:55 | Crear | Villager (Male) |
| 17:06 | Crear | Villager (Male) |
| 17:07 | Crear | Archer |
| 17:11 | Construir | Palisade Wall |
| 17:14 | Construir | House |
| 17:17 | Construir | Palisade Wall |
| 17:19 | Construir | Palisade Wall |
| 17:21 | Construir | House |
| 17:22 | Construir | House |
| 17:32 | Construir | House |
| 17:35 | Crear | Archer |
| 17:35 | Crear | Archer |
| 17:36 | Crear | Villager (Male) |
| 17:41 | Construir | House |
| 17:47 | Construir | Farm |
| 18:04 | Crear | Villager (Male) |
| 18:14 | Crear | Villager (Male) |
| 18:17 | Crear | Villager (Male) |
| 19:11 | Crear | Archer |
| 19:11 | Crear | Archer |
| 19:25 | Crear | Villager (Male) |
| 19:25 | Crear | Villager (Male) |
| 19:26 | Crear | Archer |
| 19:26 | Crear | Archer |
| 19:49 | Crear | Archer |
| 19:49 | Crear | Archer |
| 19:59 | Construir | Palisade Wall |
| 20:01 | Crear | Villager (Male) |
| 20:02 | Crear | Villager (Male) |
| 20:07 | Construir | House |
| 20:08 | Construir | Palisade Wall |
| 20:09 | Construir | House |
| 20:11 | Construir | Palisade Wall |
| 20:14 | Crear | Archer |
| 20:29 | Crear | Archer |
| 20:42 | Investigar | Double-Bit Axe |
| 21:07 | Construir | Farm |
| 21:09 | Crear | Villager (Male) |
| 21:16 | Crear | Villager (Male) |
| 21:18 | Construir | Farm |
| 21:20 | Crear | Archer |
| 21:20 | Crear | Archer |
| 21:28 | Crear | Archer |
| 21:32 | Construir | Farm |
| 21:33 | Construir | Farm |
| 22:10 | Construir | Mining Camp |
| 22:17 | Construir | House |
| 22:17 | Construir | Palisade Wall |
| 22:20 | Crear | Villager (Male) |
| 22:27 | Crear | Villager (Male) |
| 22:30 | Construir | Farm |
| 22:31 | Construir | Farm |
| 22:32 | Crear | Villager (Male) |
| 22:38 | Construir | House |
| 22:41 | Construir | Palisade Wall |
| 22:41 | Construir | Palisade Wall |
| 22:45 | Crear | Archer |
| 22:55 | Crear | Villager (Male) |
| 23:00 | Crear | Archer |
| 23:19 | Construir | Farm |
| 23:20 | Crear | Villager (Male) |
| 23:40 | Construir | Farm |
| 23:42 | Construir | Farm |
| 23:44 | Construir | Farm |
| 23:46 | Construir | Farm |
| 23:51 | Crear | Villager (Male) |
Build order — Pipistola
Primeras 150 de 289 acciones detectadas
| 0:36 | Construir | Town Center |
| 2:04 | Construir | House |
| 2:05 | Construir | House |
| 3:07 | Crear | Villager (Male) |
| 3:07 | Crear | Villager (Male) |
| 3:07 | Crear | Villager (Male) |
| 4:11 | Crear | Villager (Male) |
| 4:23 | Crear | Villager (Male) |
| 5:04 | Construir | Lumber Camp |
| 5:10 | Crear | Villager (Male) |
| 5:10 | Crear | Villager (Male) |
| 5:36 | Construir | House |
| 5:47 | Crear | Villager (Male) |
| 5:47 | Crear | Villager (Male) |
| 6:30 | Construir | House |
| 6:40 | Crear | Villager (Male) |
| 6:46 | Construir | Palisade Wall |
| 6:46 | Construir | Palisade Wall |
| 6:59 | Crear | Villager (Male) |
| 7:04 | Crear | Villager (Male) |
| 7:32 | Crear | Villager (Male) |
| 7:32 | Crear | Villager (Male) |
| 7:53 | Construir | House |
| 8:24 | Construir | Palisade Wall |
| 8:24 | Construir | Palisade Wall |
| 8:30 | Construir | Mill |
| 8:44 | Crear | Villager (Male) |
| 9:16 | Crear | Villager (Male) |
| 9:28 | Crear | Villager (Male) |
| 9:32 | Construir | House |
| 9:33 | Construir | Palisade Wall |
| 9:38 | Construir | Palisade Wall |
| 9:55 | Crear | Villager (Male) |
| 10:17 | Construir | Mining Camp |
| 10:19 | Crear | Villager (Male) |
| 10:53 | Construir | Palisade Wall |
| 11:00 | Investigar | Feudal Age |
| 11:06 | Construir | Palisade Wall |
| 11:07 | Construir | Palisade Wall |
| 12:00 | Construir | Palisade Wall |
| 12:10 | Crear | Villager (Male) |
| 12:10 | Crear | Villager (Male) |
| 12:22 | Construir | House |
| 12:37 | Construir | House |
| 13:12 | Edad | Edad Feudal |
| 13:14 | Construir | Market |
| 13:16 | Construir | Blacksmith |
| 13:24 | Construir | Mining Camp |
| 14:02 | Investigar | Castle Age |
| 14:15 | Investigar | Double-Bit Axe |
| 14:48 | Investigar | Loom |
| 15:18 | Construir | Palisade Wall |
| 15:22 | Construir | Palisade Wall |
| 15:29 | Construir | Lumber Camp |
| 15:35 | Construir | Palisade Wall |
| 15:36 | Construir | Palisade Wall |
| 15:41 | Construir | Palisade Wall |
| 15:43 | Construir | Palisade Wall |
| 15:45 | Construir | Palisade Wall |
| 15:47 | Construir | Palisade Wall |
| 15:51 | Construir | Palisade Wall |
| 15:54 | Construir | Palisade Wall |
| 16:42 | Edad | Edad de los Castillos |
| 16:46 | Construir | Town Center |
| 16:48 | Crear | Villager (Male) |
| 17:11 | Crear | Villager (Male) |
| 17:42 | Construir | Castle |
| 17:45 | Crear | Villager (Male) |
| 17:50 | Investigar | Bow Saw |
| 18:13 | Crear | Villager (Male) |
| 18:15 | Crear | Villager (Male) |
| 18:43 | Crear | Villager (Male) |
| 18:50 | Investigar | Fletching |
| 18:58 | Crear | Plumed Archer |
| 18:58 | Crear | Plumed Archer |
| 18:58 | Crear | Plumed Archer |
| 19:10 | Crear | Villager (Male) |
| 19:14 | Crear | Villager (Male) |
| 19:31 | Crear | Villager (Male) |
| 19:31 | Crear | Villager (Male) |
| 19:34 | Crear | Plumed Archer |
| 19:34 | Crear | Plumed Archer |
| 19:37 | Construir | Palisade Wall |
| 19:44 | Crear | Villager (Male) |
| 19:56 | Construir | Farm |
| 19:56 | Construir | Farm |
| 19:59 | Crear | Villager (Male) |
| 19:59 | Crear | Villager (Male) |
| 20:01 | Crear | Plumed Archer |
| 20:15 | Crear | Villager (Male) |
| 20:15 | Crear | Villager (Male) |
| 20:23 | Construir | Farm |
| 20:23 | Construir | Farm |
| 20:29 | Crear | Villager (Male) |
| 20:29 | Crear | Villager (Male) |
| 20:29 | Crear | Villager (Male) |
| 20:35 | Crear | Plumed Archer |
| 20:50 | Construir | Farm |
| 20:53 | Crear | Plumed Archer |
| 20:53 | Crear | Plumed Archer |
| 20:54 | Crear | Villager (Male) |
| 20:58 | Construir | Farm |
| 21:01 | Construir | Farm |
| 21:40 | Investigar | Bodkin Arrow |
| 21:41 | Crear | Villager (Male) |
| 22:02 | Crear | Villager (Male) |
| 22:05 | Crear | Plumed Archer |
| 22:20 | Crear | Villager (Male) |
| 22:20 | Crear | Villager (Male) |
| 22:36 | Crear | Plumed Archer |
| 22:36 | Crear | Plumed Archer |
| 22:37 | Crear | Villager (Male) |
| 22:37 | Crear | Villager (Male) |
| 22:39 | Construir | House |
| 22:40 | Construir | House |
| 22:55 | Crear | Plumed Archer |
| 23:16 | Crear | Villager (Male) |
| 23:27 | Crear | Villager (Male) |
| 23:28 | Crear | Villager (Male) |
| 23:28 | Crear | Villager (Male) |
| 23:34 | Construir | Town Center |
| 23:55 | Crear | Plumed Archer |
| 23:55 | Crear | Plumed Archer |
| 23:56 | Crear | Villager (Male) |
| 23:56 | Crear | Villager (Male) |
| 24:07 | Crear | Villager (Male) |
| 24:19 | Crear | Plumed Archer |
| 24:33 | Crear | Villager (Male) |
| 24:33 | Crear | Villager (Male) |
| 24:38 | Construir | House |
| 24:40 | Construir | Farm |
| 24:51 | Crear | Plumed Archer |
| 24:56 | Construir | House |
| 24:58 | Crear | Villager (Male) |
| 24:58 | Crear | Villager (Male) |
| 25:25 | Construir | Mill |
| 25:25 | Crear | Villager (Male) |
| 25:25 | Crear | Villager (Male) |
| 25:38 | Construir | Palisade Wall |
| 25:40 | Crear | Plumed Archer |
| 25:40 | Crear | Plumed Archer |
| 25:52 | Crear | Villager (Male) |
| 25:52 | Crear | Villager (Male) |
| 25:53 | Crear | Villager (Male) |
| 25:53 | Crear | Villager (Male) |
| 25:57 | Construir | Farm |
| 25:59 | Crear | Villager (Male) |
| 25:59 | Crear | Villager (Male) |
| 26:00 | Crear | Villager (Male) |
| 26:25 | Construir | Palisade Gate |
Build order — Malelf
Primeras 150 de 209 acciones detectadas
| 1:18 | Construir | Town Center |
| 2:01 | Construir | House |
| 3:16 | Construir | Palisade Wall |
| 3:17 | Construir | Palisade Wall |
| 3:30 | Crear | Villager (Male) |
| 3:31 | Crear | Villager (Male) |
| 3:31 | Crear | Villager (Male) |
| 3:31 | Crear | Villager (Male) |
| 4:55 | Crear | Villager (Male) |
| 5:01 | Crear | Villager (Male) |
| 5:57 | Crear | Villager (Male) |
| 6:16 | Crear | Villager (Male) |
| 6:41 | Crear | Villager (Male) |
| 6:45 | Construir | House |
| 6:50 | Investigar | Loom |
| 6:51 | Crear | Villager (Male) |
| 6:51 | Crear | Villager (Male) |
| 7:19 | Crear | Villager (Male) |
| 7:19 | Crear | Villager (Male) |
| 7:58 | Crear | Villager (Male) |
| 8:04 | Crear | Villager (Male) |
| 8:07 | Crear | Villager (Male) |
| 8:34 | Construir | House |
| 8:50 | Crear | Villager (Male) |
| 9:13 | Crear | Villager (Male) |
| 9:15 | Crear | Villager (Male) |
| 9:22 | Construir | House |
| 9:35 | Crear | Villager (Male) |
| 10:03 | Crear | Villager (Male) |
| 10:39 | Crear | Villager (Male) |
| 10:45 | Construir | Mining Camp |
| 10:47 | Crear | Villager (Male) |
| 11:01 | Construir | Mining Camp |
| 12:09 | Construir | Palisade Wall |
| 12:10 | Construir | Palisade Wall |
| 12:14 | Construir | Palisade Wall |
| 12:27 | Investigar | Feudal Age |
| 13:35 | Crear | Villager (Male) |
| 13:35 | Crear | Villager (Male) |
| 14:51 | Edad | Edad Feudal |
| 14:51 | Investigar | Castle Age |
| 15:07 | Construir | Lumber Camp |
| 15:45 | Investigar | Double-Bit Axe |
| 15:47 | Crear | Villager (Male) |
| 16:42 | Crear | Villager (Male) |
| 16:50 | Construir | House |
| 17:05 | Investigar | Gold Mining |
| 17:06 | Crear | Villager (Male) |
| 17:31 | Edad | Edad de los Castillos |
| 17:33 | Construir | Siege Workshop |
| 17:37 | Investigar | Bow Saw |
| 17:38 | Crear | Villager (Male) |
| 18:04 | Construir | House |
| 18:24 | Construir | Siege Workshop |
| 18:26 | Crear | Villager (Male) |
| 18:32 | Crear | Villager (Male) |
| 18:47 | Crear | Scorpion |
| 18:50 | Crear | Villager (Male) |
| 19:03 | Crear | Scorpion |
| 19:08 | Construir | House |
| 19:14 | Crear | Scorpion |
| 19:15 | Crear | Villager (Male) |
| 19:21 | Crear | Scorpion |
| 19:31 | Crear | Scorpion |
| 19:39 | Construir | House |
| 19:53 | Crear | Villager (Male) |
| 19:59 | Crear | Scorpion |
| 20:10 | Construir | House |
| 20:11 | Crear | Scorpion |
| 20:16 | Crear | Scorpion |
| 20:17 | Crear | Scorpion |
| 20:34 | Crear | Scorpion |
| 21:00 | Construir | Monastery |
| 21:05 | Crear | Villager (Male) |
| 21:32 | Crear | Battering Ram |
| 21:46 | Crear | Villager (Male) |
| 22:14 | Crear | Monk |
| 22:14 | Crear | Monk |
| 22:16 | Construir | House |
| 22:27 | Crear | Scorpion |
| 22:28 | Crear | Scorpion |
| 22:29 | Crear | Villager (Male) |
| 23:47 | Construir | Monastery |
| 23:48 | Crear | Villager (Male) |
| 23:56 | Construir | Town Center |
| 24:01 | Construir | Town Center |
| 24:18 | Investigar | Redemption |
| 24:18 | Investigar | Redemption |
| 24:29 | Construir | Farm |
| 24:31 | Construir | Farm |
| 24:32 | Construir | Farm |
| 24:34 | Construir | Farm |
| 24:37 | Crear | Monk |
| 24:39 | Crear | Villager (Male) |
| 25:00 | Construir | Farm |
| 25:04 | Construir | Farm |
| 25:19 | Construir | Farm |
| 25:20 | Construir | Farm |
| 25:21 | Construir | Farm |
| 25:23 | Construir | Farm |
| 25:26 | Construir | Mill |
| 25:28 | Crear | Villager (Male) |
| 25:37 | Crear | Monk |
| 25:38 | Crear | Monk |
| 25:40 | Crear | Villager (Male) |
| 25:43 | Construir | Farm |
| 25:45 | Construir | Farm |
| 25:58 | Construir | House |
| 26:01 | Crear | Villager (Male) |
| 26:10 | Crear | Villager (Male) |
| 26:14 | Construir | Farm |
| 26:16 | Construir | Farm |
| 26:22 | Crear | Villager (Male) |
| 26:28 | Crear | Monk |
| 26:44 | Construir | Monastery |
| 26:44 | Crear | Villager (Male) |
| 26:47 | Crear | Villager (Male) |
| 26:51 | Construir | Farm |
| 26:54 | Crear | Villager (Male) |
| 27:10 | Crear | Villager (Male) |
| 27:11 | Crear | Villager (Male) |
| 27:11 | Crear | Villager (Male) |
| 27:11 | Crear | Villager (Male) |
| 27:25 | Construir | Mill |
| 27:25 | Crear | Villager (Male) |
| 27:30 | Crear | Villager (Male) |
| 27:39 | Construir | Farm |
| 27:40 | Crear | Villager (Male) |
| 27:45 | Crear | Villager (Male) |
| 27:52 | Crear | Villager (Male) |
| 27:59 | Crear | Monk |
| 28:09 | Crear | Villager (Male) |
| 28:13 | Crear | Villager (Male) |
| 28:17 | Construir | Farm |
| 28:18 | Crear | Villager (Male) |
| 28:25 | Construir | House |
| 28:26 | Crear | Villager (Male) |
| 28:29 | Crear | Villager (Male) |
| 28:33 | Crear | Villager (Male) |
| 28:39 | Crear | Monk |
| 28:40 | Crear | Villager (Male) |
| 28:47 | Construir | House |
| 28:53 | Crear | Villager (Male) |
| 28:59 | Crear | Villager (Male) |
| 29:03 | Construir | House |
| 29:03 | Crear | Villager (Male) |
| 29:06 | Crear | Villager (Male) |
| 30:01 | Construir | House |
| 30:01 | Construir | House |
| 30:15 | Crear | Villager (Male) |
Build order — Zaccanasta Commissario
Primeras 150 de 254 acciones detectadas
| 0:08 | Construir | Town Center |
| 1:19 | Construir | House |
| 2:23 | Crear | Villager (Male) |
| 2:24 | Crear | Villager (Male) |
| 2:24 | Crear | Villager (Male) |
| 2:25 | Crear | Villager (Male) |
| 3:20 | Crear | Villager (Male) |
| 3:20 | Crear | Villager (Male) |
| 3:59 | Crear | Villager (Male) |
| 4:13 | Construir | Lumber Camp |
| 4:14 | Crear | Villager (Male) |
| 4:14 | Crear | Villager (Male) |
| 4:25 | Construir | House |
| 4:31 | Crear | Villager (Male) |
| 4:56 | Crear | Villager (Male) |
| 5:03 | Construir | House |
| 5:18 | Crear | Villager (Male) |
| 5:46 | Crear | Villager (Male) |
| 5:58 | Crear | Villager (Male) |
| 6:49 | Construir | Mill |
| 6:50 | Crear | Villager (Male) |
| 7:43 | Crear | Villager (Male) |
| 7:43 | Crear | Villager (Male) |
| 7:46 | Crear | Villager (Male) |
| 8:28 | Investigar | Loom |
| 9:05 | Investigar | Feudal Age |
| 10:05 | Construir | House |
| 10:17 | Construir | Barracks |
| 10:26 | Crear | Villager (Male) |
| 10:26 | Crear | Villager (Male) |
| 10:51 | Construir | Palisade Wall |
| 10:52 | Construir | Palisade Wall |
| 10:53 | Construir | Palisade Wall |
| 10:54 | Construir | Palisade Wall |
| 11:11 | Construir | Palisade Wall |
| 11:14 | Construir | Palisade Wall |
| 11:30 | Construir | Palisade Wall |
| 11:39 | Edad | Edad Feudal |
| 11:48 | Construir | Stable |
| 11:55 | Crear | Villager (Male) |
| 11:56 | Investigar | Double-Bit Axe |
| 12:10 | Construir | House |
| 12:13 | Construir | Palisade Wall |
| 12:15 | Crear | Villager (Male) |
| 12:39 | Crear | Scout Cavalry |
| 12:39 | Crear | Scout Cavalry |
| 12:51 | Construir | Blacksmith |
| 12:54 | Crear | Spearman |
| 13:00 | Crear | Villager (Male) |
| 13:06 | Crear | Villager (Male) |
| 13:09 | Crear | Scout Cavalry |
| 13:26 | Crear | Scout Cavalry |
| 13:44 | Crear | Scout Cavalry |
| 13:48 | Construir | Archery Range |
| 13:49 | Crear | Villager (Male) |
| 14:13 | Investigar | Scale Barding Armor |
| 14:23 | Construir | Mill |
| 14:37 | Crear | Skirmisher |
| 14:38 | Crear | Skirmisher |
| 14:41 | Construir | House |
| 14:49 | Crear | Skirmisher |
| 15:01 | Crear | Scout Cavalry |
| 15:06 | Construir | Mill |
| 15:22 | Crear | Skirmisher |
| 15:28 | Crear | Skirmisher |
| 15:54 | Crear | Villager (Male) |
| 16:15 | Construir | House |
| 16:25 | Crear | Villager (Male) |
| 16:28 | Construir | Farm |
| 16:33 | Construir | House |
| 16:34 | Construir | House |
| 16:42 | Crear | Skirmisher |
| 16:43 | Crear | Villager (Male) |
| 16:56 | Crear | Scout Cavalry |
| 17:21 | Crear | Scout Cavalry |
| 17:31 | Crear | Scout Cavalry |
| 17:33 | Crear | Villager (Male) |
| 17:35 | Construir | Farm |
| 17:35 | Construir | Farm |
| 17:36 | Construir | Farm |
| 17:36 | Construir | Farm |
| 18:06 | Crear | Villager (Male) |
| 18:06 | Crear | Villager (Male) |
| 18:07 | Crear | Villager (Male) |
| 18:12 | Construir | Mill |
| 18:17 | Construir | Mill |
| 18:17 | Construir | Farm |
| 18:18 | Construir | Farm |
| 18:18 | Construir | Farm |
| 18:18 | Construir | Farm |
| 18:18 | Construir | Farm |
| 18:19 | Construir | Farm |
| 18:19 | Crear | Villager (Male) |
| 18:19 | Crear | Villager (Male) |
| 19:11 | Crear | Villager (Male) |
| 19:11 | Crear | Villager (Male) |
| 19:34 | Investigar | Forging |
| 20:00 | Crear | Villager (Male) |
| 20:02 | Construir | Farm |
| 20:03 | Construir | Farm |
| 20:14 | Crear | Scout Cavalry |
| 20:30 | Crear | Scout Cavalry |
| 20:39 | Construir | Watch Tower |
| 20:47 | Crear | Skirmisher |
| 20:47 | Crear | Skirmisher |
| 20:52 | Crear | Villager (Male) |
| 20:56 | Construir | Mining Camp |
| 20:57 | Crear | Villager (Male) |
| 21:00 | Crear | Scout Cavalry |
| 21:12 | Crear | Scout Cavalry |
| 21:38 | Crear | Skirmisher |
| 22:04 | Construir | Palisade Wall |
| 22:04 | Construir | Palisade Wall |
| 22:04 | Construir | Palisade Wall |
| 22:04 | Construir | Palisade Wall |
| 22:04 | Construir | Palisade Wall |
| 22:05 | Construir | Palisade Wall |
| 22:05 | Construir | Palisade Wall |
| 22:06 | Construir | Palisade Wall |
| 22:06 | Construir | Palisade Wall |
| 22:06 | Construir | Palisade Wall |
| 22:07 | Construir | Palisade Wall |
| 22:07 | Construir | Palisade Wall |
| 22:07 | Construir | Palisade Wall |
| 22:25 | Crear | Villager (Male) |
| 22:27 | Construir | Market |
| 22:30 | Construir | Lumber Camp |
| 22:32 | Crear | Villager (Male) |
| 22:37 | Construir | Farm |
| 22:37 | Construir | Farm |
| 22:38 | Construir | Farm |
| 22:38 | Construir | Farm |
| 22:39 | Crear | Villager (Male) |
| 22:44 | Crear | Villager (Male) |
| 23:15 | Construir | Mill |
| 23:31 | Investigar | Castle Age |
| 23:38 | Crear | Scout Cavalry |
| 23:50 | Crear | Skirmisher |
| 24:20 | Construir | Mining Camp |
| 24:31 | Construir | House |
| 24:32 | Construir | House |
| 24:52 | Investigar | Fletching |
| 25:20 | Construir | Stable |
| 25:30 | Construir | House |
| 25:31 | Investigar | Bloodlines |
| 25:49 | Crear | Villager (Male) |
| 25:50 | Investigar | Gold Mining |
| 25:58 | Construir | House |
| 26:03 | Crear | Villager (Male) |
| 26:20 | Edad | Edad de los Castillos |
Build order — MLT | Anna Flank
Primeras 150 de 179 acciones detectadas
| 0:19 | Construir | Town Center |
| 2:06 | Construir | House |
| 2:33 | Crear | Villager (Male) |
| 2:34 | Crear | Villager (Male) |
| 2:34 | Crear | Villager (Male) |
| 2:34 | Crear | Villager (Male) |
| 3:30 | Crear | Villager (Male) |
| 4:11 | Crear | Villager (Male) |
| 4:31 | Crear | Villager (Male) |
| 4:48 | Construir | House |
| 4:52 | Crear | Villager (Male) |
| 5:17 | Construir | House |
| 5:31 | Crear | Villager (Male) |
| 5:32 | Crear | Villager (Male) |
| 5:56 | Crear | Villager (Male) |
| 5:56 | Crear | Villager (Male) |
| 6:12 | Crear | Villager (Male) |
| 6:29 | Crear | Villager (Male) |
| 7:03 | Construir | Mining Camp |
| 7:08 | Crear | Villager (Male) |
| 7:28 | Crear | Villager (Male) |
| 8:23 | Crear | Villager (Male) |
| 8:29 | Construir | Lumber Camp |
| 8:51 | Investigar | Feudal Age |
| 9:45 | Construir | Barracks |
| 10:10 | Crear | Villager (Male) |
| 10:25 | Construir | Lumber Camp |
| 11:01 | Edad | Edad Feudal |
| 11:03 | Construir | Archery Range |
| 11:13 | Construir | Archery Range |
| 11:15 | Crear | Villager (Male) |
| 11:20 | Construir | House |
| 11:27 | Crear | Villager (Male) |
| 11:33 | Construir | House |
| 11:58 | Crear | Archer |
| 12:07 | Crear | Villager (Male) |
| 12:09 | Crear | Archer |
| 12:10 | Crear | Archer |
| 12:10 | Crear | Archer |
| 12:30 | Construir | Mill |
| 12:47 | Crear | Villager (Male) |
| 13:08 | Crear | Archer |
| 13:30 | Crear | Archer |
| 13:40 | Crear | Villager (Male) |
| 13:41 | Crear | Villager (Male) |
| 13:41 | Crear | Villager (Male) |
| 13:59 | Construir | Blacksmith |
| 14:04 | Crear | Villager (Male) |
| 14:04 | Crear | Villager (Male) |
| 14:15 | Construir | Watch Tower |
| 14:18 | Crear | Archer |
| 14:24 | Investigar | Loom |
| 14:26 | Investigar | Double-Bit Axe |
| 14:30 | Crear | Villager (Male) |
| 14:30 | Crear | Villager (Male) |
| 14:37 | Crear | Villager (Male) |
| 14:45 | Investigar | Fletching |
| 14:49 | Crear | Villager (Male) |
| 15:14 | Crear | Villager (Male) |
| 15:21 | Crear | Archer |
| 15:25 | Construir | House |
| 15:34 | Construir | Mill |
| 15:41 | Crear | Archer |
| 15:43 | Crear | Villager (Male) |
| 15:45 | Construir | House |
| 15:52 | Crear | Skirmisher |
| 16:11 | Construir | Mill |
| 16:13 | Crear | Villager (Male) |
| 16:37 | Crear | Archer |
| 16:57 | Construir | House |
| 16:58 | Construir | House |
| 17:21 | Crear | Archer |
| 17:30 | Crear | Villager (Male) |
| 17:35 | Construir | Mill |
| 17:42 | Crear | Archer |
| 17:43 | Crear | Archer |
| 17:47 | Construir | House |
| 17:58 | Crear | Archer |
| 17:58 | Crear | Archer |
| 18:26 | Crear | Villager (Male) |
| 18:26 | Crear | Villager (Male) |
| 18:28 | Crear | Archer |
| 18:40 | Crear | Villager (Male) |
| 18:41 | Crear | Villager (Male) |
| 18:48 | Crear | Villager (Male) |
| 18:49 | Crear | Archer |
| 18:49 | Crear | Archer |
| 18:55 | Construir | House |
| 19:22 | Crear | Skirmisher |
| 19:22 | Crear | Skirmisher |
| 19:26 | Investigar | Padded Archer Armor |
| 19:34 | Crear | Archer |
| 19:34 | Crear | Archer |
| 19:42 | Crear | Archer |
| 19:42 | Crear | Archer |
| 19:46 | Crear | Villager (Male) |
| 19:46 | Crear | Villager (Male) |
| 19:47 | Crear | Villager (Male) |
| 20:06 | Construir | Outpost |
| 20:11 | Crear | Villager (Male) |
| 20:15 | Construir | Mill |
| 20:22 | Crear | Archer |
| 20:23 | Crear | Archer |
| 20:23 | Crear | Archer |
| 20:29 | Crear | Villager (Male) |
| 20:48 | Crear | Villager (Male) |
| 20:49 | Crear | Villager (Male) |
| 21:05 | Construir | Market |
| 21:26 | Crear | Archer |
| 21:26 | Crear | Archer |
| 21:38 | Construir | Lumber Camp |
| 21:52 | Construir | House |
| 22:30 | Investigar | Castle Age |
| 22:54 | Crear | Archer |
| 22:54 | Crear | Archer |
| 22:59 | Crear | Villager (Male) |
| 23:05 | Crear | Villager (Male) |
| 23:54 | Construir | Mill |
| 24:08 | Crear | Archer |
| 24:09 | Crear | Archer |
| 25:01 | Crear | Villager (Male) |
| 25:10 | Edad | Edad de los Castillos |
| 25:26 | Construir | Town Center |
| 25:29 | Crear | Villager (Male) |
| 25:45 | Investigar | Wheelbarrow |
| 26:48 | Crear | Villager (Male) |
| 26:49 | Crear | Villager (Male) |
| 26:49 | Crear | Villager (Male) |
| 26:56 | Construir | Gate |
| 26:59 | Construir | House |
| 27:05 | Construir | Gate |
| 27:41 | Crear | Villager (Male) |
| 27:41 | Crear | Villager (Male) |
| 28:11 | Construir | Town Center |
| 28:18 | Crear | Villager (Male) |
| 28:18 | Crear | Villager (Male) |
| 28:50 | Crear | Villager (Male) |
| 29:23 | Crear | Villager (Male) |
| 29:24 | Crear | Villager (Male) |
| 30:14 | Crear | Villager (Male) |
| 30:20 | Investigar | Hand Cart |
| 31:27 | Construir | Town Center |
| 32:07 | Crear | Villager (Male) |
| 32:08 | Crear | Villager (Male) |
| 32:08 | Crear | Villager (Male) |
| 32:13 | Crear | Villager (Male) |
| 32:37 | Construir | Pasture |
| 32:38 | Investigar | Tech 1014 |
| 32:56 | Crear | Villager (Male) |
| 33:09 | Crear | Villager (Male) |
Build order — ITA | Monesi28
Primeras 150 de 287 acciones detectadas
| 0:14 | Construir | Town Center |
| 1:10 | Construir | House |
| 2:36 | Crear | Villager (Male) |
| 2:36 | Crear | Villager (Male) |
| 2:36 | Crear | Villager (Male) |
| 2:36 | Crear | Villager (Male) |
| 3:29 | Crear | Villager (Male) |
| 3:33 | Construir | Mill |
| 3:57 | Construir | House |
| 4:21 | Crear | Villager (Male) |
| 4:22 | Crear | Villager (Male) |
| 4:50 | Crear | Villager (Male) |
| 4:50 | Crear | Villager (Male) |
| 5:22 | Crear | Villager (Male) |
| 5:31 | Crear | Villager (Male) |
| 5:53 | Crear | Villager (Male) |
| 5:53 | Crear | Villager (Male) |
| 6:14 | Crear | Villager (Male) |
| 6:36 | Crear | Villager (Male) |
| 6:36 | Crear | Villager (Male) |
| 6:38 | Construir | House |
| 6:57 | Construir | Lumber Camp |
| 7:00 | Crear | Villager (Male) |
| 7:04 | Crear | Villager (Male) |
| 7:26 | Crear | Villager (Male) |
| 7:26 | Crear | Villager (Male) |
| 7:41 | Crear | Villager (Male) |
| 8:54 | Crear | Villager (Male) |
| 9:16 | Construir | House |
| 9:17 | Crear | Villager (Male) |
| 9:20 | Investigar | Loom |
| 9:47 | Investigar | Feudal Age |
| 10:04 | Construir | Mill |
| 11:07 | Crear | Villager (Male) |
| 11:10 | Construir | Palisade Wall |
| 11:12 | Construir | Palisade Wall |
| 11:12 | Construir | Palisade Wall |
| 11:13 | Construir | Palisade Wall |
| 11:14 | Construir | Palisade Wall |
| 11:26 | Construir | Barracks |
| 11:36 | Construir | Palisade Wall |
| 11:37 | Construir | Palisade Wall |
| 12:11 | Crear | Villager (Male) |
| 12:16 | Edad | Edad Feudal |
| 12:45 | Crear | Villager (Male) |
| 12:50 | Construir | Stable |
| 13:02 | Construir | House |
| 13:09 | Crear | Villager (Male) |
| 13:15 | Crear | Spearman |
| 13:17 | Construir | House |
| 13:26 | Crear | Villager (Male) |
| 13:34 | Construir | House |
| 13:34 | Crear | Scout Cavalry |
| 13:34 | Crear | Scout Cavalry |
| 13:58 | Construir | House |
| 14:06 | Crear | Spearman |
| 14:09 | Crear | Scout Cavalry |
| 14:14 | Crear | Villager (Male) |
| 14:23 | Construir | Blacksmith |
| 14:27 | Crear | Scout Cavalry |
| 14:36 | Crear | Scout Cavalry |
| 14:47 | Crear | Villager (Male) |
| 15:05 | Construir | Mill |
| 15:12 | Crear | Villager (Male) |
| 15:15 | Construir | House |
| 15:17 | Crear | Scout Cavalry |
| 15:26 | Crear | Villager (Male) |
| 15:37 | Crear | Scout Cavalry |
| 15:41 | Crear | Villager (Male) |
| 16:24 | Construir | Mill |
| 16:32 | Crear | Villager (Male) |
| 16:45 | Crear | Villager (Male) |
| 16:49 | Construir | Mining Camp |
| 16:51 | Crear | Villager (Male) |
| 17:18 | Crear | Scout Cavalry |
| 17:33 | Crear | Villager (Male) |
| 17:50 | Construir | House |
| 18:08 | Construir | Market |
| 18:16 | Crear | Villager (Male) |
| 18:18 | Investigar | Town Watch |
| 19:07 | Investigar | Castle Age |
| 19:25 | Investigar | Scale Barding Armor |
| 19:33 | Investigar | Forging |
| 19:41 | Investigar | Bloodlines |
| 20:05 | Crear | Villager (Male) |
| 21:47 | Edad | Edad de los Castillos |
| 21:53 | Investigar | Chain Barding Armor |
| 22:19 | Crear | Knight |
| 22:19 | Crear | Knight |
| 22:26 | Construir | Town Center |
| 22:28 | Investigar | Wheelbarrow |
| 22:29 | Investigar | Town Watch |
| 22:32 | Crear | Villager (Male) |
| 22:37 | Crear | Knight |
| 22:41 | Construir | Town Center |
| 22:44 | Crear | Villager (Male) |
| 22:44 | Crear | Villager (Male) |
| 22:46 | Crear | Knight |
| 22:46 | Crear | Knight |
| 22:55 | Construir | Stable |
| 23:06 | Investigar | Light Cavalry (upgrade) |
| 23:35 | Crear | Villager (Male) |
| 23:55 | Crear | Scout Cavalry |
| 23:55 | Crear | Scout Cavalry |
| 23:56 | Crear | Villager (Male) |
| 23:56 | Crear | Villager (Male) |
| 24:01 | Crear | Knight |
| 24:02 | Crear | Knight |
| 24:30 | Crear | Knight |
| 24:32 | Crear | Knight |
| 24:32 | Crear | Knight |
| 24:50 | Crear | Villager (Male) |
| 24:55 | Crear | Villager (Male) |
| 25:24 | Crear | Villager (Male) |
| 25:24 | Crear | Villager (Male) |
| 25:24 | Crear | Villager (Male) |
| 25:24 | Crear | Villager (Male) |
| 25:24 | Crear | Villager (Male) |
| 25:43 | Crear | Villager (Male) |
| 25:43 | Crear | Villager (Male) |
| 25:43 | Crear | Villager (Male) |
| 25:44 | Crear | Villager (Male) |
| 25:55 | Crear | Villager (Male) |
| 26:06 | Crear | Villager (Male) |
| 26:10 | Construir | Mill |
| 26:12 | Crear | Villager (Male) |
| 26:20 | Crear | Knight |
| 26:20 | Crear | Knight |
| 26:20 | Crear | Knight |
| 26:47 | Crear | Villager (Male) |
| 27:13 | Crear | Knight |
| 27:13 | Crear | Knight |
| 27:13 | Crear | Knight |
| 27:24 | Construir | House |
| 27:40 | Crear | Villager (Male) |
| 28:04 | Construir | Town Center |
| 28:13 | Construir | Town Center |
| 28:21 | Construir | Lumber Camp |
| 28:51 | Crear | Villager (Male) |
| 28:54 | Construir | Mill |
| 28:56 | Crear | Villager (Male) |
| 28:56 | Crear | Villager (Male) |
| 28:56 | Crear | Villager (Male) |
| 29:03 | Crear | Knight |
| 29:03 | Crear | Knight |
| 29:33 | Construir | Mill |
| 29:41 | Investigar | Fletching |
| 29:41 | Investigar | Fletching |
| 29:41 | Investigar | Fletching |
| 29:58 | Crear | Villager (Male) |
Cronología de la partida
| 3:16 | Malelf · wall_segment Palisade Wall x1 |
| 3:17 | Malelf · wall_segment Palisade Wall x1 |
| 4:13 | GdR_Nataniele05 · wall_segment Palisade Wall x1 |
| 6:46 | Pipistola · wall_segment Palisade Wall x1 |
| 6:46 | Pipistola · wall_segment Palisade Wall x1 |
| 8:24 | Pipistola · wall_segment Palisade Wall x1 |
| 8:24 | Pipistola · wall_segment Palisade Wall x1 |
| 8:43 | mordicchiotto · wall_segment Palisade Wall x1 |
| 8:50 | mordicchiotto · wall_segment Palisade Wall x3 |
| 9:05 | mordicchiotto · wall_segment Palisade Wall x3 |
| 9:06 | mordicchiotto · wall_segment Palisade Wall x2 |
| 9:08 | mordicchiotto · wall_segment Palisade Wall x9 |
| 9:23 | mordicchiotto · wall_segment Palisade Wall x4 |
| 9:26 | mordicchiotto · wall_segment Palisade Wall x3 |
| 9:33 | Pipistola · wall_segment Palisade Wall x1 |
| 9:36 | mordicchiotto · wall_segment Palisade Wall x3 |
| 9:38 | Pipistola · wall_segment Palisade Wall x2 |
| 9:42 | mordicchiotto · wall_segment Palisade Wall x3 |
| 9:45 | MLT | Anna Flank · first_building Barracks |
| 9:48 | mordicchiotto · wall_segment Palisade Wall x1 |
| 9:48 | mordicchiotto · wall_segment Palisade Wall x1 |
| 9:49 | mordicchiotto · wall_segment Palisade Wall x1 |
| 9:59 | mordicchiotto · wall_segment Palisade Wall x7 |
| 10:17 | Zaccanasta Commissario · first_building Barracks |
| 10:18 | mordicchiotto · wall_segment Palisade Wall x7 |
| 10:20 | mordicchiotto · wall_segment Palisade Wall x2 |
| 10:21 | mordicchiotto · wall_segment Palisade Wall x16 |
| 10:39 | GdR_Nataniele05 · first_building Barracks |
| 10:46 | mordicchiotto · wall_segment Palisade Wall x2 |
| 10:51 | Zaccanasta Commissario · wall_segment Palisade Wall x1 |
| 10:52 | Zaccanasta Commissario · wall_segment Palisade Wall x1 |
| 10:53 | Pipistola · wall_segment Palisade Wall x1 |
| 10:53 | Zaccanasta Commissario · wall_segment Palisade Wall x1 |
| 10:54 | Zaccanasta Commissario · wall_segment Palisade Wall x1 |
| 11:01 | MLT | Anna Flank · age_up feudal |
| 11:03 | MLT | Anna Flank · first_building Archery Range |
| 11:06 | Pipistola · wall_segment Palisade Wall x1 |
| 11:07 | Pipistola · wall_segment Palisade Wall x1 |
| 11:09 | mordicchiotto · wall_segment Palisade Wall x5 |
| 11:10 | ITA | Monesi28 · wall_segment Palisade Wall x1 |
| 11:11 | Zaccanasta Commissario · wall_segment Palisade Wall x5 |
| 11:12 | ITA | Monesi28 · wall_segment Palisade Wall x1 |
| 11:12 | ITA | Monesi28 · wall_segment Palisade Wall x1 |
| 11:13 | ITA | Monesi28 · wall_segment Palisade Wall x1 |
| 11:14 | Zaccanasta Commissario · wall_segment Palisade Wall x7 |
| 11:14 | ITA | Monesi28 · wall_segment Palisade Wall x1 |
| 11:15 | mordicchiotto · wall_segment Palisade Wall x5 |
| 11:25 | mordicchiotto · wall_segment Palisade Wall x10 |
| 11:26 | ITA | Monesi28 · first_building Barracks |
| 11:28 | Apo · first_building Barracks |
| 11:30 | Zaccanasta Commissario · wall_segment Palisade Wall x1 |
| 11:36 | ITA | Monesi28 · wall_segment Palisade Wall x3 |
| 11:37 | ITA | Monesi28 · wall_segment Palisade Wall x5 |
| 11:39 | Zaccanasta Commissario · age_up feudal |
| 11:44 | Apo · age_up feudal |
| 11:45 | GdR_Nataniele05 · age_up feudal |
| 11:46 | GdR_Nataniele05 · first_building Archery Range |
| 11:48 | Zaccanasta Commissario · first_building Stable |
| 11:50 | mordicchiotto · wall_segment Palisade Wall x9 |
| 12:00 | Pipistola · wall_segment Palisade Wall x1 |
| 12:09 | Malelf · wall_segment Palisade Wall x1 |
| 12:10 | Malelf · wall_segment Palisade Wall x1 |
| 12:13 | Zaccanasta Commissario · wall_segment Palisade Wall x6 |
| 12:14 | GdR_Nataniele05 · wall_segment Palisade Wall x1 |
| 12:14 | Malelf · wall_segment Palisade Wall x1 |
| 12:15 | GdR_Nataniele05 · wall_segment Palisade Wall x1 |
| 12:16 | ITA | Monesi28 · age_up feudal |
| 12:43 | Apo · first_building Archery Range |
| 12:48 | GdR_Nataniele05 · wall_segment Palisade Wall x1 |
| 12:50 | GdR_Nataniele05 · wall_segment Palisade Wall x1 |
| 12:50 | ITA | Monesi28 · first_building Stable |
| 12:55 | mordicchiotto · wall_segment Palisade Wall x26 |
| 12:57 | GdR_Nataniele05 · wall_segment Palisade Wall x5 |
| 12:58 | mordicchiotto · wall_segment Palisade Wall x1 |
| 13:03 | Apo · wall_segment Palisade Wall x1 |
| 13:04 | Apo · wall_segment Palisade Wall x1 |
| 13:12 | mordicchiotto · wall_segment Palisade Wall x4 |
| 13:12 | Pipistola · age_up feudal |
| 13:35 | mordicchiotto · wall_segment Palisade Wall x1 |
| 13:46 | mordicchiotto · wall_segment Palisade Wall x1 |
| 13:48 | Zaccanasta Commissario · first_building Archery Range |
| 13:50 | mordicchiotto · wall_segment Palisade Wall x1 |
| 14:11 | mordicchiotto · age_up feudal |
| 14:34 | GdR_Nataniele05 · wall_segment Palisade Wall x4 |
| 14:51 | Malelf · age_up feudal |
| 15:13 | mordicchiotto · wall_segment Palisade Wall x4 |
| 15:18 | Pipistola · wall_segment Palisade Wall x1 |
| 15:22 | Pipistola · wall_segment Palisade Wall x2 |
| 15:35 | Pipistola · wall_segment Palisade Wall x1 |
| 15:36 | Pipistola · wall_segment Palisade Wall x1 |
| 15:41 | Pipistola · wall_segment Palisade Wall x1 |
| 15:43 | Pipistola · wall_segment Palisade Wall x1 |
| 15:45 | Pipistola · wall_segment Palisade Wall x1 |
| 15:47 | Pipistola · wall_segment Palisade Wall x1 |
| 15:51 | Pipistola · wall_segment Palisade Wall x1 |
| 15:54 | Pipistola · wall_segment Palisade Wall x1 |
| 15:54 | GdR_Nataniele05 · wall_segment Palisade Wall x1 |
| 16:42 | Pipistola · age_up castle |
| 16:54 | Pipistola · first_market_buy 100 stone |
| 17:11 | GdR_Nataniele05 · wall_segment Palisade Wall x1 |
| 17:17 | GdR_Nataniele05 · wall_segment Palisade Wall x1 |
| 17:19 | GdR_Nataniele05 · wall_segment Palisade Wall x1 |
| 17:31 | Malelf · age_up castle |
| 17:33 | Malelf · first_building Siege Workshop |
| 17:42 | Pipistola · first_building Castle |
| 18:33 | mordicchiotto · age_up castle |
| 18:57 | Pipistola · first_market_sell 100 wood |
| 19:07 | ITA | Monesi28 · first_market_sell 100 wood |
| 19:22 | mordicchiotto · first_building Siege Workshop |
| 19:37 | Pipistola · wall_segment Palisade Wall x1 |
| 19:59 | GdR_Nataniele05 · wall_segment Palisade Wall x2 |
| 20:08 | GdR_Nataniele05 · wall_segment Palisade Wall x1 |
| 20:11 | GdR_Nataniele05 · wall_segment Palisade Wall x1 |
| 21:00 | Malelf · first_building Monastery |
| 21:47 | ITA | Monesi28 · age_up castle |
| 22:04 | Zaccanasta Commissario · wall_segment Palisade Wall x1 |
| 22:04 | Zaccanasta Commissario · wall_segment Palisade Wall x1 |
| 22:04 | Zaccanasta Commissario · wall_segment Palisade Wall x2 |
| 22:04 | Zaccanasta Commissario · wall_segment Palisade Wall x1 |
| 22:04 | Zaccanasta Commissario · wall_segment Palisade Wall x2 |
| 22:05 | Zaccanasta Commissario · wall_segment Palisade Wall x2 |
| 22:05 | MLT | Anna Flank · first_market_sell 100 wood |
| 22:05 | Zaccanasta Commissario · wall_segment Palisade Wall x1 |
| 22:06 | Zaccanasta Commissario · wall_segment Palisade Wall x1 |
| 22:06 | Zaccanasta Commissario · wall_segment Palisade Wall x1 |
| 22:06 | Zaccanasta Commissario · wall_segment Palisade Wall x1 |
| 22:07 | Zaccanasta Commissario · wall_segment Palisade Wall x2 |
| 22:07 | Zaccanasta Commissario · wall_segment Palisade Wall x1 |
| 22:07 | MLT | Anna Flank · first_market_buy 100 food |
| 22:07 | Zaccanasta Commissario · wall_segment Palisade Wall x1 |
| 22:17 | GdR_Nataniele05 · wall_segment Palisade Wall x1 |
| 22:27 | Apo · age_up castle |
| 22:34 | Apo · first_building Castle |
| 22:41 | GdR_Nataniele05 · wall_segment Palisade Wall x1 |
| 22:41 | GdR_Nataniele05 · wall_segment Palisade Wall x1 |
| 22:50 | ITA | Monesi28 · first_market_buy 100 wood |
| 24:46 | mordicchiotto · first_market_buy 500 food |
| 25:10 | MLT | Anna Flank · age_up castle |
| 25:19 | GdR_Nataniele05 · wall_segment Palisade Wall x1 |
| 25:38 | Pipistola · wall_segment Palisade Wall x1 |
| 25:48 | mordicchiotto · first_building Monastery |
| 26:04 | GdR_Nataniele05 · first_market_sell 100 stone |
| 26:20 | Zaccanasta Commissario · age_up castle |
| 26:31 | Zaccanasta Commissario · first_market_sell 100 food |
| 26:34 | GdR_Nataniele05 · first_market_buy 100 food |
| 26:38 | Zaccanasta Commissario · first_building Siege Workshop |
| 27:29 | mordicchiotto · first_building Castle |
| 28:05 | Pipistola · first_building Barracks |
| 28:59 | Zaccanasta Commissario · first_market_buy 100 wood |
| 29:18 | mordicchiotto · first_market_sell 500 stone |
| 29:28 | GdR_Nataniele05 · age_up castle |
| 29:28 | GdR_Nataniele05 · wall_segment Palisade Wall x1 |
| 29:29 | GdR_Nataniele05 · wall_segment Palisade Wall x1 |
| 29:35 | GdR_Nataniele05 · first_building Castle |
| 29:38 | GdR_Nataniele05 · first_building Monastery |
| 31:48 | Pipistola · age_up imperial |
| 32:48 | ITA | Monesi28 · first_building Siege Workshop |
| 33:24 | Apo · first_market_buy 100 food |
| 33:45 | Malelf · first_market_buy 100 stone |
| 34:08 | Malelf · age_up imperial |
| 34:29 | GdR_Nataniele05 · wall_segment Palisade Wall x1 |
| 34:34 | Malelf · first_market_sell 500 food |
| 35:46 | mordicchiotto · first_building Barracks |
| 36:05 | Malelf · first_building Stable |
| 36:49 | mordicchiotto · first_building Stable |
| 36:50 | MLT | Anna Flank · resign |
[ ANÁLISIS IA · 1 CRÉDITO ]
¿Qué pasó realmente en esta partida?
Wolo.gg analiza cada decisión: build order, eco, micro, errores típicos por bracket. Análisis personalizado por WhatsApp o Discord en 30 segundos.
Guía civ
Borgoñones
Perfil
Jugador #2532568